 Dungeon Sprint DCSS version 0.21.1-1-g345015f (webtiles) character file.

2335 Fang the Impaler (level 9, -4/141 HPs)
             Began as a Minotaur Berserker on June 14, 2018.
             Was a High Priest of Trog.
             Slain by an air elemental (9 damage)
             ... in the Dungeon (Sprint V: "Ziggurat Sprint").
             The game lasted 00:02:19 (920 turns).

Fang the Impaler (Minotaur Berserker)                Turns: 920, Time: 00:02:19

Health: -4/141     AC: 14    Str: 31    XL:     9   Next: 19%
Magic:  8/8        EV: 11    Int:  4    God:    Trog [*****.]
Gold:   0          SH:  0    Dex: 13    Spells: 8/8 levels left

rFire    x . .     SeeInvis .   l - +5 demon trident
rCold    + . .     Gourm    .   (no shield)
rNeg     . . .     Faith    .   C - +0 plate armour {rPois}
rPois    +         Spirit   .   (helmet restricted)
rElec    +         Reflect  .   (no cloak)
rCorr    .         Harm     .   (no gloves)
MR       .....     NoTele   +   (no boots)
Stlth    ..........             (no amulet)
HPRegen  0.33/turn              G - ring of flight
MPRegen  0.11/turn              b - ring "Lijonnu" {Ice rElec Str+2 Dex+2}

@: berserking (expiring), very quick
A: retaliatory headbutt, horns 2
a: Berserk, Trog's Hand, Brothers in Arms, Burn Spellbooks, Renounce Religion,
Evoke Flight


You were in the Dungeon.
You worshipped Trog.
Trog was extremely pleased with you.
You were very hungry.

You visited 1 branch

Inventory:

Hand Weapons
 k - a +5 executioner's axe
 l - a +5 demon trident (weapon)
Armour
 C - a +0 plate armour of poison resistance (worn)
Jewellery
 b - the ring "Lijonnu" (right hand) {Ice rElec Str+2 Dex+2}
   (You found it in the Dungeon)

   [ring of ice]

   It enhances your ice magic.
   It affects your strength (+2).
   It affects your dexterity (+2).
   It makes you vulnerable to fire.
   It protects you from cold.
   It insulates you from electricity.
 G - a ring of flight (left hand)
Wands
 x - a wand of disintegration (7)
 y - a wand of iceblast (7)
 z - a wand of acid (7)
Scrolls
 i - 4 scrolls of blinking
 m - 8 scrolls of fog
 n - a scroll of holy word
 o - 5 scrolls of identify
 p - 5 scrolls of remove curse
 q - 2 scrolls of fear
Potions
 d - 10 potions of curing
 e - 10 potions of heal wounds
 f - 6 potions of haste
 g - 7 potions of magic
 h - 3 potions of berserk rage
 r - 2 potions of brilliance
 s - 2 potions of invisibility
 t - 4 potions of resistance
 u - a potion of experience
 v - 5 potions of agility
 w - 5 potions of might
Miscellaneous
 A - 2 boxes of beasts
 B - a sack of spiders
Comestibles
 c - 6 rations


   Skills:
 + Level 13.7 Fighting
 + Level 12.4(15.3) Axes
 + Level 15.1(16.6) Polearms
 + Level 10.4 Armour
 + Level 6.5 Dodging
 + Level 0.1 Stealth


You had 8 spell levels left.
You didn't know any spells.

Dungeon Overview and Level Annotations

Branches:
Dungeon (1/1)

Altars:
Ashenzari
Cheibriados
Dithmenos
Elyvilon
Fedhas
Gozag
Hepliaklqana
Kikubaaqudgha
Makhleb
Nemelex Xobeh
Okawaru
Qazlal
Ru
Sif Muna
Trog
Uskayaw
Vehumet
Wu Jian
Xom
Yredelemnul
Zin
The Shining One
Beogh
Jiyva
Lugonu

Annotations:
D 1 transporter


Innate Abilities, Weirdness & Mutations

You reflexively headbutt those who attack you in melee.
You have a pair of horns on your head.


Message History

You miss the air elemental.
The air elemental is lightly damaged.
You are engulfed in raging winds.
You float gracefully downwards.
The air elemental hits you but does no damage.
The air elemental hits you.
* * * LOW HITPOINT WARNING * * *
The air elemental barely misses you.
You puncture the air elemental!
You destroy the air elemental!
Trog accepts your kill.
You have finished your manual of Polearms and toss it away.
Your base Polearms skill increases to level 15!
The air elemental closely misses you.
The air elemental completely misses you.
Unknown command.
You barely miss the air elemental. Your headbutt misses the air elemental.
The air elemental is lightly damaged.
The air elemental hits you but does no damage.
The air elemental hits you!
You die...

▓▓▓▓▓▓▓▓▓
▓..8©8..▓
▓..}}:..▓
▓..:|[..▓
▓.......▓
▓.......▓
▓.......▓
▓...E...▓
▓§▓.E@▓§▓
▓...©...▓
▓▓▓▓▓▓▓▓▓


You could see 2 air elementals.

Vanquished Creatures
  4 merfolk (D)
  A hippogriff (D)
  2 air elementals (D)
  A fire elemental (D)
  A water moccasin (D)
  2 hell hounds (D)
  A phantom (D)
  A centaur (D)
  2 necrophages (D)
  2 scorpions (D)
  A wight (D)
  4 adders (D)
  An adder zombie (D)
  An adder skeleton (D)
  A ball python zombie (D)
  A fire vortex (D)
26 creatures vanquished.

Vanquished Creatures (others)
  2 insubstantial wisps (D)
2 creatures vanquished.

Grand Total: 28 creatures vanquished

Notes
Turn   | Place    | Note
-------+----------+-------------------------------------------
     0 | D        | Found the +6 Majin-Bo {vamp, Archmagi MP+6 Int+6}
     0 | D        | Found the +7 great mace "Firestarter" {inner flame, rF++}
     0 | D        | Fang the Minotaur Berserker began the quest for the Orb.
     0 | D        | Reached XP level 1. HP: 19/19 MP: 0/0
     3 | D        | Found a blossoming altar of Fedhas.
     4 | D        | Found a viscous altar of Jiyva.
     4 | D        | Found a hazy altar of Hepliaklqana.
     4 | D        | Found a transporter.
     4 | D        | Found an opulent altar of Gozag.
     4 | D        | Found an ancient bone altar of Kikubaaqudgha.
     4 | D        | Found a corrupted altar of Lugonu.
    10 | D        | Found a burning altar of Makhleb.
    11 | D        | Found a stormy altar of Qazlal.
    11 | D        | Found a sacrificial altar of Ru.
    11 | D        | Found an iron altar of Okawaru.
    11 | D        | Found a deep blue altar of Sif Muna.
    11 | D        | Found a sparkling altar of Nemelex Xobeh.
    11 | D        | Found a bloodstained altar of Trog.
    79 | D        | Entered arena 2.
    79 | D        | Noticed a scorpion
    79 | D        | Noticed a scorpion
    79 | D        | Found a transporter.
    83 | D        | Killed a scorpion
    83 | D        | Reached XP level 2. HP: 31/31 MP: 1/1
    83 | D        | Reached XP level 3. HP: 38/38 MP: 2/2
    85 | D        | Killed a scorpion
    85 | D        | Reached XP level 4. HP: 47/47 MP: 3/3
   125 | D        | Entered arena 3.
   125 | D        | Noticed a phantom
   125 | D        | Found a transporter.
   133 | D        | Reached ** piety under Trog
   136 | D        | Killed a phantom
   136 | D        | Reached skill level 1 in Polearms
   136 | D        | Reached skill level 5 in Armour
   136 | D        | Reached XP level 5. HP: 57/57 MP: 4/4
   138 | D        | Reached *** piety under Trog
   294 | D        | Entered arena 4.
   294 | D        | Noticed a hell hound
   294 | D        | Noticed a fire elemental
   294 | D        | Noticed a hell hound
   294 | D        | Found a transporter.
   300 | D        | Killed a fire elemental
   300 | D        | Reached skill level 10 in Fighting
   300 | D        | Reached skill level 10 in Axes
   300 | D        | Reached skill level 3 in Polearms
   300 | D        | Reached skill level 5 in Dodging
   300 | D        | Reached XP level 6. HP: 67/67 MP: 5/5
   301 | D        | Killed a hell hound
   301 | D        | Reached skill level 4 in Polearms
   302 | D        | Killed a hell hound
   302 | D        | Reached **** piety under Trog
   302 | D        | Reached XP level 7. HP: 74/74 MP: 6/6
   312 | D        | Got the ring "Lijonnu" {Ice rElec Str+2 Dex+2}
   351 | D        | Entered arena 5.
   351 | D        | Found a transporter.
   355 | D        | Reached skill level 5 in Polearms
   363 | D        | Reached skill level 6 in Polearms
   379 | D        | Entered arena 6.
   379 | D        | Found a transporter.
   381 | D        | Reached ***** piety under Trog
   382 | D        | Received a gift from Trog
   383 | D        | Reached skill level 7 in Polearms
   407 | D        | Entered arena 7.
   407 | D        | Noticed a merfolk
   407 | D        | Noticed a merfolk
   407 | D        | Noticed a hippogriff
   407 | D        | Noticed a merfolk
   407 | D        | Noticed a merfolk
   409 | D        | Found a transporter.
   414 | D        | Killed a hippogriff
   414 | D        | Reached skill level 8 in Polearms
   414 | D        | Reached XP level 8. HP: 85/85 MP: 7/7
   418 | D        | Killed a merfolk
   418 | D        | Reached skill level 10 in Polearms
   427 | D        | Killed a merfolk
   427 | D        | Received a gift from Trog
   427 | D        | Reached skill level 11 in Polearms
   431 | D        | Killed a merfolk
   431 | D        | Reached skill level 12 in Polearms
   433 | D        | Reached skill level 13 in Polearms
   441 | D        | Killed a merfolk
   441 | D        | Reached skill level 14 in Polearms
   441 | D        | Reached XP level 9. HP: 7/93 MP: 8/8
   909 | D        | Entered arena 8.
   910 | D        | Found a transporter.
   917 | D        | Reached skill level 10 in Armour
   918 | D        | HP: 4/139 [air elemental (4)]
   919 | D        | Reached skill level 15 in Polearms
   920 | D        | Slain by an air elemental

Skill      XL: |  1  2  3  4  5  6  7  8  9 |
---------------+----------------------------+-----
Fighting       | 6 7 9 10 11 12 13 | 13.7
Axes           | 6 7 9 10 11 12 | 12.4
Armour         | 3 4 5 6 7 8 9 10 | 10.4
Dodging        | 3 4 5 6 |  6.5
Polearms       | 1 3 4 8 14 15 | 15.1
Stealth        | |  0.1

Action                   |  1- 3 |  4- 6 |  7- 9 || total
-------------------------+-------+-------+-------++-------
Melee: Demon trident     |     5 |    16 |    56 ||    77
       Headbutt          |       |     1 |     6 ||     7
Invok: Berserk           |     1 |     2 |     2 ||     5
       Burn Spellbooks   |       |     1 |     1 ||     2
  Eat: Ration            |       |       |     1 ||     1
Armor: Shadow dragon sca |     3 |     9 |    17 ||    29
       Plate armour      |       |       |    12 ||    12
Dodge: Dodged            |       |    11 |    40 ||    51
